 Dungeon Crawl Stone Soup version 0.21.1-1-g345015fe64 (webtiles) character file.

67 Gargoyl the Skirmisher (level 3, 0/33 HPs)
             Began as a Centaur Abyssal Knight on July 6, 2018.
             Was a Follower of Lugonu.
             Slain by a gnoll
             ... wielding a +0 whip
              (7 damage)
             ... on level 1 of the Dungeon.
             The game lasted 00:02:26 (1461 turns).

Gargoyl the Skirmisher (Centaur Abyssal Knight)     Turns: 1461, Time: 00:02:27

Health: 0/33       AC:  7    Str: 14    XL:     3   Next: 98%
Magic:  13/13      EV:  4    Int: 11    God:    Lugonu [*.....]
Gold:   120        SH:  0    Dex:  9    Spells: 2/2 levels left

rFire    . . .     SeeInvis .   a - +1 hand axe
rCold    . . .     Gourm    .   (no shield)
rNeg     . . .     Faith    .   e - +0 chain mail
rPois    .         Spirit   .   (no helmet)
rElec    .         Reflect  .   (no cloak)
rCorr    .         Harm     .   (no gloves)
MR       .....                  (no barding)
Stlth    ..........             (no amulet)
HPRegen  0.11/turn              k - ring of magical power
MPRegen  0.13/turn              (no ring)

@: very quick
A: large, hooves 3, deformed body, speed 2, tough skin 3
a: Depart the Abyss, Renounce Religion


You were on level 1 of the Dungeon.
You worshipped Lugonu.
Lugonu was aware of your devotion.
You were very hungry.

You visited 1 branch of the dungeon, and saw 2 of its levels.
You visited the Abyss 1 time.

You collected 120 gold pieces.

Inventory:

Hand Weapons
 a - a +1 hand axe (weapon)
 d - a +0 broad axe
Missiles
 j - 8 tomahawks (quivered)
Armour
 b - a +1 leather armour
 e - a +0 chain mail (worn)
Jewellery
 k - a ring of magical power (left hand)
Scrolls
 g - 2 scrolls of teleportation
 h - 2 scrolls of identify
 i - a scroll of remove curse
Potions
 f - a potion of flight
Comestibles
 c - 4 rations


   Skills:
 + Level 3.9 Fighting
 + Level 2.3 Axes
 * Level 2.0 Armour
 + Level 0.6 Dodging
 * Level 2.4 Invocations


You had 2 spell levels left.
You didn't know any spells.

Dungeon Overview and Level Annotations

Branches:
Dungeon (2/15)

Altars:


Innate Abilities, Weirdness & Mutations

You have hooves in place of feet.
Armour fits poorly on your strangely shaped body.
You cover ground very quickly.
You have extremely tough skin. (AC +3)


Message History

The gnoll hits you but does no damage. x2
You closely miss the gnoll.
The gnoll is heavily wounded.
The gnoll barely misses you. The gnoll hits you with a whip.
* * * LOW HITPOINT WARNING * * *
You closely miss the gnoll. You kick the gnoll, but do no damage.
The gnoll is heavily wounded.
The gnoll hits you from afar with a spear.
* * * LOW HITPOINT WARNING * * *
The gnoll hits you but does no damage.
You barely miss the gnoll.
The gnoll is heavily wounded.
You are feeling very hungry.
The gnoll completely misses you. The gnoll hits you but does no damage.
Unknown command.
The gnoll hits you but does no damage. The gnoll barely misses you.
You climb upwards.
There is a stone staircase leading down here.
The gnoll hits you with a whip!
You die...

#.........#.#.........#####.#
#.........#.#########.# #.#
#................# #.# #..
#.........#.####.# #.#######
#...........# #.# #........
#........)..# #.############
#...........# #.............
#..........g#################
##########.>@................
####################


You could see a gnoll.

Vanquished Creatures
  A gnoll (D:2)
  An adder (D:2)
  2 oozes (D:1)
  2 dart slugs (D:1)
  2 leopard geckos
  A giant cockroach (D:1)
  5 goblins
  2 hobgoblins
  6 kobolds (D:1)
  A quokka (D:1)
  A ball python (D:1)
  5 bats
  4 frilled lizards
  3 rats (D:1)
36 creatures vanquished.

Notes
Turn   | Place    | Note
-------+----------+-------------------------------------------
     0 | Abyss:1  | Gargoyl the Centaur Abyssal Knight began the quest for the Orb.
     0 | Abyss:1  | Reached XP level 1. HP: 19/19 MP: 2/2
    26 | Abyss:1  | Found a sacrificial altar of Ru.
   227 | Abyss:3  | Noticed a wretched star
   227 | D:1      | Escaped the Abyss
   293 | D:1      | Reached XP level 2. HP: 22/26 MP: 3/3
   610 | D:1      | Reached * piety under Lugonu
   756 | D:1      | Reached XP level 3. HP: 29/33 MP: 4/4
  1461 | D:1      | Slain by a gnoll

Skill      XL: |  1  2  3 |
---------------+----------+-----
Axes           | 2 |  2.3
Armour         | 2 |  2.0
Fighting       | |  3.9
Dodging        | |  0.6
Invocations    | |  2.4

Action                   || total
-------------------------++-------
Melee: Hand axe          ||   106
       Kick              ||    16
Invok: Depart the Abyss  ||     1
  Use: Scroll            ||     5
Armor: Chain mail        ||   101
Dodge: Dodged            ||    27
